 Dungeon Crawl Stone Soup version 0.22.0-18-ge075c0d (webtiles) character file.

35 KLATTERAL the Caller (level 3, -4/28 HPs)
             Began as a Naga Summoner on Aug 18, 2018.
             Killed by divine providence
             ... invoked by an orc priest
              (11 damage)
             ... on level 2 of the Dungeon.
             The game lasted 00:09:10 (1517 turns).

KLATTERAL the Caller (Naga Summoner)                Turns: 1517, Time: 00:09:11

Health: -4/28      AC:  5    Str: 10    XL:     3   Next: 33%
Magic:  0/6        EV:  8    Int: 16    God:
Gold:   30         SH:  0    Dex: 11    Spells: 2/6 levels left

rFire    . . .     SeeInvis +   f - +2 dagger (venom)
rCold    . . .     Gourm    .   (no shield)
rNeg     . . .     Faith    .   e - +0 ring mail
rPois    +         Spirit   .   n - +1 helmet
rElec    .         Reflect  .   (no cloak)
rCorr    .         Harm     .   (no gloves)
MR       .....                  (no barding)
Stlth    +.........             (no amulet)
HPRegen  0.09/turn              (no ring)
MPRegen  0.10/turn              (no ring)

@: very slightly contaminated, very slow
A: large, see invisible, deformed body, poison resistance, slowness 2, slow
metabolism 1, spit poison 1, AC +1
a: Spit Poison


You were on level 2 of the Dungeon.
You were not hungry.

You visited 1 branch of the dungeon, and saw 2 of its levels.

You collected 30 gold pieces.

Inventory:

Hand Weapons
 f - a +2 dagger of venom (weapon)
Missiles
 i - 43 stones (quivered)
Armour
 a - a +0 robe
 e - a +0 ring mail (worn)
 n - a +1 helmet (worn)
Scrolls
 b - a scroll of enchant armour {unknown}
 d - a scroll of teleportation
 j - a scroll of amnesia {unknown}
 l - a scroll of magic mapping {unknown}
 p - a scroll of random uselessness {unknown}
Potions
 g - a potion of resistance {unknown}
 h - a potion of agility {unknown}
 k - a potion of berserk rage {unknown}
 m - a potion of lignification {unknown}
Comestibles
 c - 4 rations
 o - 3 chunks of flesh


   Skills:
 + Level 0.2 Short Blades
   Level 0.4 Axes
 + Level 0.2 Armour
 + Level 1.6 Dodging
 - Level 3.0 Stealth
 + Level 2.4 Spellcasting
 + Level 4.5 Summonings


You had 2 spell levels left.
You knew the following spells:

 Your Spells              Type           Power        Failure   Level  Hunger
a - Summon Small Mammal   Summ           ###.         8%          1    #......
b - Summon Guardian Gole  Hex/Summ       #.......     52%         3    ###....

Your spell library contained the following spells:

 Spells                   Type           Power        Failure   Level  Hunger
 Call Imp                 Summ           ###.....     12%         2    ###....
 Call Canine Familiar     Summ           ###.....     24%         3    ###....
 Summon Ice Beast         Ice/Summ       #.......     90%         4    #####..
 Summon Lightning Spire   Summ/Air       #.......     90%         4    #####..


Dungeon Overview and Level Annotations

Branches:
Dungeon (2/15)

Altars:
Kikubaaqudgha
Xom


Innate Abilities, Weirdness & Mutations

You cannot wear boots.
Your serpentine skin is tough. (AC +1)
You have supernaturally acute eyesight. (SInv)
Armour fits poorly on your strangely shaped body.
Your system is resistant to poisons. (rPois)
You cover ground very slowly.
You have a slow metabolism.
You can spit poison.


Message History

Nothing appears to happen.
You hear a shout!
The orc priest invokes the aid of Beogh against you.
Beogh smites you!
* * * LOW HITPOINT WARNING * * *
Casting: Summon Guardian Golem (quite dangerous; 52% risk of failure)
Confirm with . or Enter, or press ? or * to list all spells.
A guardian golem appears, shielding your allies.
Casting: Summon Guardian Golem (quite dangerous; 52% risk of failure)
Confirm with . or Enter, or press ? or * to list all spells.
You don't have enough magic to cast that spell.
An orc comes into view.
The orc priest miscasts a cantrip.
You hit the orc but do no damage.
The orc is poisoned.
The orc barely misses you.
You hit the orc.
The orc looks as sick as possible!
The orc is severely wounded.
The orc priest mumbles some strange prayers to Beogh against you.
Beogh smites you!
You die...

##########
#........#### ###
#.######....# ##.###
#.# #.....#.# ##.....
#.# #.##....# #.....#
#.# #.##.#.#####...##
#.###.##.#..........#
#...@8...#######...##
#####o#### ##.## o#
##+## .. ##...## #o#
##.....# .. ##.......
..o #........ ...
+........ #........


You could see an orc priest, 3 orcs and a friendly guardian golem.

Vanquished Creatures
  A leopard gecko (D:1)
  A bat (D:1)
  A giant cockroach (D:1)
  4 hobgoblins
  3 jackals (D:1)
  3 kobolds (D:1)
  3 goblins (D:1)
  4 rats
20 creatures vanquished.

Vanquished Creatures (collateral kills)
  A worm (D:2)
  A giant cockroach (D:1)
  2 goblins (D:1)
  3 hobgoblins (D:1)
  A jackal (D:1)
  A bat (D:1)
  A frilled lizard (D:2)
  2 rats (D:1)
12 creatures vanquished.

Grand Total: 32 creatures vanquished

Notes
Turn   | Place    | Note
-------+----------+-------------------------------------------
     0 | D:1      | KLATTERAL the Naga Summoner began the quest for the Orb.
     0 | D:1      | Reached XP level 1. HP: 15/15 MP: 3/3
   185 | D:1      | Reached XP level 2. HP: 13/22 MP: 1/5
  1072 | D:1      | Reached XP level 3. HP: 20/28 MP: 2/6
  1381 | D:2      | Found an ancient bone altar of Kikubaaqudgha.
  1383 | D:2      | Found a shimmering altar of Xom.
  1428 | D:2      | Learned a level 3 spell: Summon Guardian Golem
  1517 | D:2      | Killed from afar by an orc priest

Action                   || total
-------------------------++-------
Melee: Hand axe          ||     9
       Unarmed           ||     6
       Dagger            ||    53
 Cast: Summon Small Mamm ||    29
       Summon Guardian G ||     1
  Use: Scroll            ||     2
 Stab: Distracted        ||     1
       Sleeping          ||     1
  Eat: Chunk             ||     2
Armor: Robe              ||     2
       Ring mail         ||    16
Dodge: Dodged            ||    36
